 Dungeon Crawl Stone Soup version 0.26-a0-497-g0187308201 (webtiles) character file.

Game seed: 8215903430060766813

121 ANON1729 the Chucker (level 5, -6/54 HPs)
             Began as an Ogre Hunter on Aug 6, 2020.
             Mangled by a gnoll
             ... wielding a +0 club
              (8 damage)
             ... on level 3 of the Dungeon.
             The game lasted 00:03:28 (2406 turns).

ANON1729 the Chucker (Ogre Hunter)                  Turns: 2406, Time: 00:03:29

Health: -6/54      AC:  3    Str: 17    XL:     5   Next: 5%
Magic:  5/5        EV: 10    Int: 12    God:
Gold:   140        SH:  0    Dex:  9    Spells: 4/4 levels left

rFire    . . .     SeeInvis .   a - +0 short sword
rCold    . . .     Faith    .   (no shield)
rNeg     . . .     Spirit   .   b - +0 robe
rPois    .         Reflect  .   (helmet restricted)
rElec    .         Harm     .   (no cloak)
rCorr    .                      (gloves unavailable)
MR       .....                  (boots unavailable)
Stlth    ++........             (no amulet)
HPRegen  0.18/turn              (no ring)
MPRegen  0.09/turn              (no ring)

@: no status effects
A: large, unfitting armour, tough skin 1
a: no special abilities


You were on level 3 of the Dungeon.
You visited 1 branch of the dungeon, and saw 3 of its levels.

You collected 140 gold pieces.

Inventory:

Hand Weapons
 a - a +0 short sword (weapon)
Missiles
 c - 2 large rocks (quivered)
 d - 2 throwing nets
 e - 5 curare-tipped darts
Armour
 b - a +0 robe (worn)
Jewellery
 i - a cursed amulet of inaccuracy {unknown}
 q - an uncursed ring of flight {unknown}
Scrolls
 g - 2 scrolls of identify {unknown}
 h - a scroll of random uselessness {unknown}
 j - 3 scrolls of remove curse {unknown}
 k - 2 scrolls of blinking {unknown}
 l - a scroll of enchant weapon {unknown}
 n - 2 scrolls of teleportation {unknown}
 r - a scroll of amnesia {unknown}
Potions
 f - a potion of lignification {unknown}
 m - a potion of invisibility {unknown}
 o - a potion of magic {unknown}
 p - a potion of curing {unknown}


   Skills:
 + Level 4.0 Fighting
 + Level 4.6 Throwing
 + Level 2.7 Dodging
 + Level 1.8 Stealth


You had 4 spell levels left.
You didn't know any spells.
Your spell library was empty.

Dungeon Overview and Level Annotations

Branches:
Dungeon (3/15)

Altars:
Fedhas
Ru
Sif Muna
Zin


Innate Abilities, Weirdness & Mutations

You are too large for most types of armour.
You have tough skin. (AC +1)


Message History

* * * LOW HITPOINT WARNING * * *
Throwing (i - inventory. (/) - cycle)
c - 4 large rocks (quivered)
Press: ? - help, Shift-Dir - straight line, f - gnoll
Aim: a gnoll, wielding a +0 halberd You throw a large rock.
The large rock barely misses the gnoll.
A hobgoblin comes into view. It is wielding a +0 mace.
The gnoll closely misses you. The gnoll hits you with a +0 club.
* * * LOW HITPOINT WARNING * * *
The gnoll hits you but does no damage.
Throwing (i - inventory. (/) - cycle)
c - 3 large rocks (quivered)
Press: ? - help, Shift-Dir - straight line, f/p - gnoll
Aim: a gnoll, wielding a +0 halberd You throw a large rock.
The hobgoblin shouts!
The large rock hits the gnoll!
You kill the gnoll!
Your Fighting skill increases to level 4!
You have reached level 5!
The gnoll hits you with a +0 club!
You die...

$.....#(....##
.............##
..............#
..............#
..............#
....>..((.....#
..............#
..g....@g.....#
......)......##
#.....#.....##
#.P.P.#..####
#.._. ##..#
#.P.P ##.# #...
#.# .!.. #.#
...#.#. #.#


You could see a gnoll and a hobgoblin.

Vanquished Creatures
  4 adders
  2 gnolls (D:3)
  2 oozes
  2 worms (D:3)
  A dart slug (D:1)
  2 leopard geckos (D:2)
  2 ball pythons (D:1)
  4 bats (D:1)
  A giant cockroach (D:1)
  8 goblins
  6 hobgoblins
  2 jackals (D:1)
  2 quokkas (D:2)
  6 frilled lizards
  4 kobolds
  4 rats
52 creatures vanquished.

Notes
Turn   | Place    | Note
-------+----------+-------------------------------------------
     0 | D:1      | ANON1729 the Ogre Hunter began the quest for the Orb.
     0 | D:1      | Reached XP level 1. HP: 22/22 MP: 1/1
    72 | D:1      | Reached XP level 2. HP: 29/29 MP: 2/2
    86 | D:1      | Reached skill level 1 in Stealth
   338 | D:1      | Reached XP level 3. HP: 31/37 MP: 3/3
  1647 | D:2      | Reached XP level 4. HP: 45/45 MP: 4/4
  1881 | D:2      | Found a glowing silver altar of Zin.
  1881 | D:2      | Found a sacrificial altar of Ru.
  1882 | D:2      | Found a shimmering blue altar of Sif Muna.
  2399 | D:3      | Found a blossoming altar of Fedhas.
  2405 | D:3      | HP: 2/48 [gnoll/+0 club (6)]
  2406 | D:3      | Reached XP level 5. HP: 2/54 MP: 5/5
  2406 | D:3      | Mangled by a gnoll

Illustrated notes

Levels and vault maps discovered:
D:1:      lordsloth_arrival_two_stooges, layout_loops_corners
D:2:      layout_loops_cross, gammafunk_temple_overflow_forgotten
D:3:      layout_rooms, chequers_serial_rivers_room_b, fedhas_altar_1

Skill      XL: |  1  2  3  4 |
---------------+-------------+-----
Fighting       | 3 4 |  4.0
Dodging        | 2 |  2.7
Stealth        | 1 |  1.8
Throwing       | |  4.6

Action                   |  1- 3 |  4- 6 || total
-------------------------+-------+-------++-------
Melee: Short sword       |   156 |    48 ||   204
Throw: Large rock        |     1 |    11 ||    12
 Stab: Sleeping          |     3 |     1 ||     4
       Distracted        |     1 |       ||     1
Armor: Robe              |    48 |    23 ||    71
Dodge: Dodged            |   101 |    37 ||   138

Table legend: (Time is in decaauts)
 A = Elapsed time spent in this place.
 B = Non-inter-level travel time spent in this place.
 C = Inter-level travel time spent in this place.
 D = Time resting spent in this place.
 E = Time spent auto-exploring this place.
 F = Levels seen in this place.
 G = Mean time per level.
                   A        B        C        D        E       F      G
               +--------+--------+--------+--------+--------+-----+--------+
         Total |   2434 |   2370 |     64 |    840 |   1081 |   3 |  811.3 |
       Dungeon |   2434 |   2370 |     64 |    840 |   1081 |   3 |  811.3 |
               +--------+--------+--------+--------+--------+-----+--------+

Top non-repeatable levels by time:
     D:2: 1076 daAuts
     D:1: 912 daAuts
     D:3: 446 daAuts
